 Dungeon Crawl Stone Soup version 0.27.0-1-g7a089689b8 (webtiles) character file.

Game seed: 257285267119039428

113 rjrrt the Chopper (level 4, -10/38 (39) HPs)
             Began as a Hill Orc Monk on Aug 11, 2021.
             Was a Priest of the Shining One.
             Mangled by Crazy Yiuf (12 damage)
             ... on level 2 of the Dungeon.
             The game lasted 00:03:45 (2148 turns).

rjrrt the Chopper (Hill Orc Monk)                   Turns: 2148, Time: 00:03:45

HP:   -10/38 (39)   AC:  6    Str: 14    XL:     4   Next: 96%
MP:   4/4           EV:  9    Int: 10    God:    the Shining One [***...]
Gold: 51            SH:  0    Dex: 13    Spells: 3/3 levels left

rFire    . . .     SeeInvis .   a - +0 hand axe
rCold    . . .     Faith    .   (no shield)
rNeg     + . .     Spirit   .   d - +0 scale mail
rPois    .         Reflect  .   (no helmet)
rElec    .         Harm     .   (no cloak)
rCorr    .         Rampage  .   (no gloves)
Will     .....                  (no boots)
Stlth    ..........             (no amulet)
HPRegen  0.12/turn              (no ring)
MPRegen  0.09/turn              (no ring)

@: glowing, lightly drained
A: no striking features
a: Renounce Religion, Divine Shield


You were on level 2 of the Dungeon.
You worshipped the Shining One.
The Shining One was most pleased with you.
You visited 1 branch of the dungeon, and saw 2 of its levels.

You collected 51 gold pieces.

Inventory:

Hand Weapons
 a - a +0 hand axe (weapon)
Missiles
 c - 26 poisoned darts (quivered)
Armour
 d - a +0 scale mail (worn)
Jewellery
 f - an amulet of magic regeneration
 l - a ring of ice
Scrolls
 b - 2 scrolls of identify {unknown}
 e - a scroll of amnesia {unknown}
 h - a scroll of fog {unknown}
 k - a scroll of teleportation {unknown}
Potions
 g - a potion of ambrosia {unknown}
 i - a potion of degeneration {unknown}
 j - a potion of heal wounds {unknown}
 m - 3 potions of might {unknown}
 n - a potion of curing {unknown}


   Skills:
 - Level 3.6 Fighting
 * Level 7.2 Axes
 - Level 2.4 Dodging
 - Level 1.5 Stealth


You had 3 spell levels left.
You didn't know any spells.
Your spell library was empty.

Dungeon Overview and Level Annotations

Branches:
Dungeon (2/15)

Altars:
The Shining One

Annotations:
D:2 Crazy Yiuf


Message History

You are too injured to fight recklessly!
You are too injured to fight recklessly!
Unknown command.
You hit the gnoll.
You kill the gnoll!
You see here a +0 flail.
You see here a +0 whip.
Things that are here:
a +0 whip; a gnoll corpse You start resting.
HP restored.
There is a stone staircase leading down here.
Found an escape hatch in the floor.
You open the door.
There is an open door here.
You now have 51 gold pieces (gained 17).
b - 2 scrolls labelled KUOWUMP SAUD (gained 1)
Found a mace.
Found a runed translucent door.
Crazy Yiuf shouts!
You open the door. You completely miss Crazy Yiuf.
Crazy Yiuf closely misses you.
You slash Crazy Yiuf!
Crazy Yiuf is heavily wounded.
Crazy Yiuf hits you with a +4 quarterstaff of chaos!
Crazy Yiuf burns you.
You hit Crazy Yiuf.
Crazy Yiuf is heavily wounded.
Crazy Yiuf hits you with a +4 quarterstaff of chaos!
You partially resist.
You feel drained.
You are too injured to fight recklessly!
You hit Crazy Yiuf.
Crazy Yiuf is severely wounded.
Crazy Yiuf cries, "You leg down broken song, no?"
Crazy Yiuf hits you but does no damage. Space warps horribly around you!
* * * LOW HITPOINT WARNING * * *
You hit Crazy Yiuf.
Crazy Yiuf is almost dead.
Crazy Yiuf says, "Ghoul!"
Crazy Yiuf hits you with a +4 quarterstaff of chaos!
You die...

##..####
#....#
♣....♣
♣♣...♣
♣♣.♣♣
♣♣.♣
♣.♣♣
♣♣.♣
♣@♣♣ #g#
...
#...#
#)..#
#####


You could see Crazy Yiuf.

Vanquished Creatures
  Jessica (D:2)
  4 gnolls (D:2)
  3 adders (D:2)
  2 endoplasms (D:2)
  A giant cockroach (D:2)
  A goblin (D:1)
  2 hobgoblins (D:2)
  A quokka (D:2)
  A ball python (D:1)
  3 bats (D:1)
  3 kobolds
  5 rats
27 creatures vanquished.

Notes
Turn   | Place    | Note
-------+----------+-------------------------------------------
     0 | D:1      | rjrrt the Hill Orc Monk began the quest for the Orb.
     0 | D:1      | Reached XP level 1. HP: 19/19 MP: 1/1
   453 | D:1      | Found a faded altar of an unknown god.
   469 | D:1      | Became a worshipper of the Shining One
   469 | D:1      | Reached * piety under the Shining One
   469 | D:1      | Reached ** piety under the Shining One
   587 | D:1      | Reached XP level 2. HP: 20/26 MP: 2/2
   903 | D:2      | Reached skill level 5 in Axes
  1251 | D:2      | Reached XP level 3. HP: 22/31 MP: 3/3
  1349 | D:2      | Reached *** piety under the Shining One
  1446 | D:2      | Reached skill level 6 in Axes
  1640 | D:2      | Noticed Jessica
  1652 | D:2      | Killed Jessica
  1653 | D:2      | Reached XP level 4. HP: 27/39 MP: 4/4
  1788 | D:2      | Reached skill level 7 in Axes
  2139 | D:2      | Found a runed translucent door.
  2140 | D:2      | Noticed Crazy Yiuf
  2148 | D:2      | Mangled by Crazy Yiuf

Illustrated notes

Levels and vault maps discovered:
D:1:      amcnicky_arrival_blooded_trapdoor, layout_loops_corners,
          shapermc_ecumenical_altar_pompeii, minivault_27
D:2:      layout_basic, chequers_hall_statues_wall_a, uniq_crazy_yiuf_cottage,
          uniq_jessica

Skill      XL: |  1  2  3  4 |
---------------+-------------+-----
Axes           | 5 6 7 |  7.2
Fighting       | |  3.6
Dodging        | |  2.4
Stealth        | |  1.5

Action                   |  1- 3 |  4- 6 || total
-------------------------+-------+-------++-------
Melee: Hand axe          |    72 |    30 ||   102
Armor: Scale mail        |    31 |     6 ||    37
Dodge: Dodged            |    38 |     7 ||    45
